 Dungeon Crawl Stone Soup version 0.28-a0-803-g74956062c1 (webtiles) character file.

Game seed: 14624405207363557539

5187 MacCMillion the Grappler (level 10, 0/93 HPs)
             Began as a Troll Monk on Nov 7, 2021.
             Was a Believer of Hepliaklqana.
             Slain by a red devil (14 damage)
             ... summoned by an orc high priest
             ... in a bailey.
             The game lasted 00:34:09 (6375 turns).

MacCMillion the Grappler (Troll Monk)               Turns: 6375, Time: 00:34:10

Health: 0/93       AC:  0    Str: 24      XL:     10   Next: 34%
Magic:  18/18      EV: 11    Int:  4 (6)  God:    Hepliaklqana [**....]
Gold:   233        SH:  0    Dex: 10 (12) Spells: 9/9 levels left

rFire   . . .      SeeInvis .     - Unarmed
rCold   . . .      Faith    .   (no shield)
rNeg    . . .      Spirit   .   K - +0 steam dragon scales
rPois   .          Reflect  .   (helmet restricted)
rElec   .          Harm     .   q - +0 cloak
rCorr   .          Rampage  .   (gloves unavailable)
Will    .....                   (boots unavailable)
Stlth   +.........              f - amulet of regeneration
HPRegen 2.25/turn               r - ring of magical power
MPRegen 0.16/turn               (no ring)

@: mighty, about to teleport, spiked, corroded
A: reduced essence, large, unfitting armour, claws 3, regeneration 1, shaggy fur
1, tough skin 1
a: Renounce Religion, Recall Ancestor, Ancestor Identity


You were in a bailey.
You worshipped Hepliaklqana.
Hepliaklqana was pleased with you.
You visited 1 branch of the dungeon, and saw 8 of its levels.
You also visited: Sewer and Bailey.

You collected 376 gold pieces.
You spent 143 gold pieces at shops.

Inventory:

Hand Weapons
 L - a +2 morningstar of draining
Missiles
 d - 14 poisoned darts (quivered)
 h - a javelin
 p - 3 boomerangs
Armour
 a - a scarf of invisibility
 q - a +0 cloak (worn)
 K - +0 steam dragon scales (worn)
Magical Staves
 n - a staff of conjuration
 t - a staff of air
Jewellery
 f - an amulet of regeneration (around neck)
 r - a ring of magical power (left claw)
Scrolls
 i - a scroll of summoning {unknown}
 l - a scroll of torment {unknown}
 m - 2 scrolls of immolation {unknown}
 s - 2 scrolls of fog {unknown}
 u - 3 scrolls of teleportation
 w - 2 scrolls of holy word {unknown}
 x - a scroll of amnesia {unknown}
 y - 2 scrolls of noise {unknown}
 D - a scroll of magic mapping
 E - a scroll of fear {unknown}
 F - a scroll of acquirement {unknown}
 G - a scroll of blinking {unknown}
 J - a scroll of identify
Potions
 b - a potion of berserk rage {unknown}
 c - 5 potions of brilliance
 e - 5 potions of curing {unknown}
 j - 2 potions of mutation
 o - 4 potions of heal wounds
 v - 2 potions of degeneration
 z - 2 potions of magic {unknown}
 A - 2 potions of cancellation {unknown}
 B - a potion of resistance {unknown}
 C - a potion of haste
 H - a potion of ambrosia {unknown}
 I - a potion of flight {unknown}


   Skills:
 + Level 7.9 Fighting
 + Level 4.6 Dodging
 - Level 1.1 Stealth
 - Level 12.0 Unarmed Combat


You had 9 spell levels left.
You didn't know any spells.
Your spell library contained the following spells:

 Spells                   Type           Power      Damage    Failure   Level
 Animate Skeleton         Necr           0%         N/A       50%         1
 Magic Dart               Conj           0%         1d3       50%         1
 Pain                     Necr           0%         1d4       50%         1
 Call Imp                 Summ           0%         N/A       65%         2
 Corpse Rot               Necr/Air       0%         N/A       65%         2
 Poisonous Vapours        Pois/Air       0%         N/A       65%         2
 Mephitic Cloud           Conj/Pois/Air  0%         N/A       86%         3
 Vampiric Draining        Necr           0%         2d6       86%         3
 Hailstorm                Conj/Ice       0%         3d3       99%         4
 Ice Form                 Ice/Tmut       0%         N/A       99%         4
 Simulacrum               Ice/Necr       0%         N/A       100%        6


Dungeon Overview and Level Annotations

Branches:
Dungeon (8/15)             Temple (0/1) D:7            Lair (0/6) D:8
  Sewer (visited)          Bailey (1/1)

Altars:
Hepliaklqana

Shops:
D:4 *   D:6 *![:[

Annotations:
D:7 1 runed translucent door, Crazy Yiuf


Innate Abilities, Weirdness & Mutations

Your life essence is reduced to manifest your ancestor. (-10% HP)
You are too large for most types of armour.
You have claws for hands.
Your natural rate of healing is unusually fast.
You are covered in fur. (AC +1)
You have tough skin. (AC +1)


Message History

You swap places.
The orc high priest hits you with a +0 war axe!
The red devil hits you from afar with a +0 trident!
* * * LOW HITPOINT WARNING * * *
Barbed spikes become lodged in your body.
Okay, then.
Okay, then.
Okay, then.
The barbs in your skin will harm you if you move.
Continue?
Okay, then.
Unknown command.
The barbs in your skin will harm you if you move.
Continue?
Okay, then.
Unknown command.
Unknown command.
Okay, then.
You feel much better.
The orc high priest hits you with a +0 war axe!
* * * LOW HITPOINT WARNING * * *
The orc high priest hits Ælfric with a +0 war axe.
Unknown command.
As you read the scroll of teleportation, it crumbles to dust.
You feel strangely unstable. Ælfric hits the orc high priest but does no damage.
The orc high priest hits you with a +0 war axe!
* * * LOW HITPOINT WARNING * * *
The orc high priest hits Ælfric with a +0 war axe.
The red devil hits you from afar with a +0 trident!
* * * LOW HITPOINT WARNING * * *
Barbed spikes become lodged in your body.
The rust devil closely misses Ælfric.
You feel much better. Ælfric hits the orc high priest with a +0 dagger of draining! Ælfric drains the orc high priest.
The orc high priest hits you with a +0 war axe!
* * * LOW HITPOINT WARNING * * *
The orc high priest hits Ælfric with a +0 war axe! Ælfric is destroyed!
The red devil hits you from afar with a +0 trident!
You die...

###≈≈≈≈≈# #.≈≈≈≈≈≈#
#.≈≈≈≈≈.######
####++#.≈≈≈≈≈......#
#....)#.≈≈≈≈≈......### #.g..
#.....'..............# #._g.
#..⌠.g4..........∩..∩# #
#o.o. #..)(4o..............#
..#...g
#.....#@≈≈≈≈≈......###
..#.g..#####''#.≈≈≈≈≈......#
..#....#..ggR.#.≈≈≈≈≈.######
#....#..o4..#.≈≈≈≈≈≈#
#......4######≈≈≈≈≈#
+.8.8.8.# #≈≈≈≈≈# #...(...#
≈≈≈≈≈# #+####### ≈≈≈≈≈#
≈≈≈≈#


You could see an orc high priest (drained), a rust devil (summoned), a red devil
(summoned) and a goblin.

Vanquished Creatures
  An orc high priest (Bailey)
  Pikel (D:7)
  Maggie (D:7)
  A shadow (D:6)
  2 yaks (D:8)
  A wyvern (D:7)
  2 water moccasins (D:8)
  A black bear (D:7)
  2 orc warriors
  A sky beast (D:5)
  An ice beast (D:6)
  4 ogres
  A centaur (D:8)
  2 lemures (D:7)
  4 bullfrogs
  2 kobold brigands (Sewer)
  4 scorpions
  2 howler monkeys
  A centaur zombie (D:5)
  2 bullfrog skeletons
  9 orc priests
  4 hounds
  3 jellies
  3 iguanas
  2 gnoll shamans
  5 orc wizards
  A hound skeleton (D:5)
  10 gnolls
  7 adders
  8 river rats (Sewer)
  A shadow imp (D:5)
  3 white imps
  A worm (D:3)
  A dart slug (D:1)
  20 orcs
  11 endoplasms
  2 giant cockroaches
  13 goblins
  7 hobgoblins
  6 quokkas
  10 ball pythons
  6 bats
  7 frilled lizards
  19 kobolds
  22 rats
217 creatures vanquished.

Vanquished Creatures (collateral kills)
  An ice beast (D:6)
  2 bullfrogs (D:8)
  An iguana (D:7)
  2 orc wizards (D:7)
  3 gnolls
  An orc (D:7)
  A hobgoblin (Bailey)
  3 goblins (Bailey)
14 creatures vanquished.

Vanquished Creatures (others)
  2 hexers
  15 fungi (D:8)
  21 plants (D:8)
38 creatures vanquished.

Grand Total: 269 creatures vanquished

Notes
Turn   | Place    | Note
-------+----------+-------------------------------------------
     0 | D:1      | MacCMillion the Troll Monk began the quest for the Orb.
     0 | D:1      | Reached XP level 1. HP: 22/22 MP: 0/0
   123 | D:1      | Reached XP level 2. HP: 27/29 MP: 1/1
   596 | D:2      | Reached XP level 3. HP: 36/36 MP: 2/2
  1447 | D:3      | Reached skill level 4 in Unarmed Combat
  1512 | D:3      | Reached XP level 4. HP: 43/44 MP: 3/3
  2181 | D:4      | Reached XP level 5. HP: 43/53 MP: 4/4
  2218 | D:4      | Reached skill level 5 in Unarmed Combat
  2425 | D:4      | Reached XP level 6. HP: 40/61 MP: 5/5
  2674 | D:4      | Found Fiheutz's General Store.
  2677 | D:4      | Bought 2 scrolls of teleportation for 66 gold pieces
  2677 | D:4      | Bought a scroll of identify for 22 gold pieces
  2969 | D:5      | Entered Level 5 of the Dungeon
  2996 | D:5      | Reached skill level 6 in Unarmed Combat
  3000 | D:5      | Noticed a sky beast
  3211 | D:5      | Found a glowing drain.
  3243 | Sewer    | Entered a sewer
  3268 | Sewer    | Reached XP level 7. HP: 66/70 MP: 6/6
  3469 | Sewer    | Reached skill level 7 in Unarmed Combat
  4011 | D:5      | Reached skill level 8 in Unarmed Combat
  4011 | D:5      | Reached XP level 8. HP: 45/79 MP: 7/7
  4051 | D:5      | Reached skill level 5 in Fighting
  4339 | D:6      | Found Ysius's Antique Armour Emporium.
  4418 | D:6      | Reached skill level 9 in Unarmed Combat
  4547 | D:6      | Found Kuhet's Armour Emporium.
  4653 | D:6      | Found Rajuizargh's Book Boutique.
  4711 | D:6      | Found Jedut's Distillery.
  4726 | D:6      | Reached skill level 10 in Unarmed Combat
  4726 | D:6      | Reached XP level 9. HP: 86/89 MP: 8/8
  4741 | D:6      | Bought a potion of heal wounds for 55 gold pieces
  4823 | D:6      | Found Iffumn's General Store.
  4924 | D:6      | Found a hazy altar of Hepliaklqana.
  4929 | D:6      | Became a worshipper of Hepliaklqana the Forgotten
  4929 | D:6      | Reached * piety under Hepliaklqana
  4929 | D:6      | Reached ** piety under Hepliaklqana
  4935 | D:6      | Remembered your ancestor Ælfric as a hexer
  4941 | D:7      | Found a staircase to the Ecumenical Temple.
  5205 | D:7      | Found a runed translucent door.
  5206 | D:7      | Noticed Crazy Yiuf
  5336 | D:7      | Noticed Pikel
  5365 | D:7      | Killed Pikel
  5380 | D:7      | Reached skill level 11 in Unarmed Combat
  5465 | D:7      | Noticed Maggie
  5475 | D:7      | Killed Maggie
  6140 | D:8      | Reached skill level 12 in Unarmed Combat
  6152 | D:8      | Reached XP level 10. HP: 76/91 MP: 9/9
  6155 | D:8      | Found a staircase to the Lair.
  6282 | D:8      | Found a flagged portal.
  6294 | Bailey   | Entered a bailey
  6340 | Bailey   | Found an iron altar of Okawaru.
  6340 | Bailey   | Noticed an orc high priest
  6340 | Bailey   | Noticed an orc high priest
  6353 | Bailey   | Noticed an orange demon
  6353 | Bailey   | Noticed a sixfirhy
  6355 | Bailey   | Noticed an orange demon
  6355 | Bailey   | Noticed a rust devil
  6357 | Bailey   | Killed an orc high priest
  6359 | Bailey   | Noticed a rust devil
  6359 | Bailey   | Noticed a rust devil
  6368 | Bailey   | Noticed a soul eater
  6374 | Bailey   | HP: 1/93 [red devil[an orc high priest] (13)]
  6375 | Bailey   | Slain by a red devil

Illustrated notes

Levels and vault maps discovered:
D:1:      minmay_arrival_glassed_features, layout_basic
D:2:      minmay_alternating_diamond, layout_loops_corners,
          minmay_tiny_reverse_x
D:3:      layout_loops_ring
D:4:      layout_basic, serial_shops, nicolae_shop_behind_doors
D:5:      layout_basic, gup_sewer_entry_glass, hangedman_decor_growths,
          minmay_diced_spiral
D:6:      layout_cave_pools, kennysheep_mini, serial_shops,
          kennysheep_mini_moat, nicolae_stop_n_shop_2, shop,
          nicolae_lakefront_shop, nicolae_stop_n_shop_1, moated_statue
D:7:      layout_loops_ring, minmay_temple_entry_glass, uniq_pikel,
          uniq_crazy_yiuf_cottage, uniq_maggie
D:8:      layout_loops_ring, due_lair_maze_entry_diamond, enter_bailey_3
Bailey:   bailey_axe_of_yendor_kennysheep, bailey

Skill      XL: |  1  2  3  4  5  6  7  8  9 10 |
---------------+-------------------------------+-----
Unarmed Combat | 4 5 6 8 10 12 | 12.0
Fighting       | 3 4 6 7 |  7.9
Dodging        | 3 4 |  4.6
Stealth        | |  1.1

Action                   |  1- 3 |  4- 6 |  7- 9 | 10-12 || total
-------------------------+-------+-------+-------+-------++-------
Melee: Unarmed           |   118 |   144 |   290 |    58 ||   610
       Punch             |     2 |     2 |    18 |     1 ||    23
Throw: Dart              |       |     4 |     4 |     7 ||    15
       Javelin           |       |       |     3 |     1 ||     4
Invok: Ancestor Life: He |       |       |     1 |       ||     1
  Use: Scroll            |       |     4 |     2 |     1 ||     7
       Potion            |       |     1 |     1 |     5 ||     7
 Stab: Sleeping          |       |     1 |     2 |       ||     3
       Confused          |       |       |     2 |     1 ||     3
Armor: Robe              |    37 |    47 |    84 |       ||   168
       Steam dragon scal |       |       |    15 |    25 ||    40
Dodge: Dodged            |    58 |    54 |   148 |    29 ||   289

Table legend: (Time is in decaauts)
 A = Elapsed time spent in this place.
 B = Non-inter-level travel time spent in this place.
 C = Inter-level travel time spent in this place.
 D = Time resting spent in this place.
 E = Time spent auto-exploring this place.
 F = Levels seen in this place.
 G = Mean time per level.
                   A        B        C        D        E       F      G
               +--------+--------+--------+--------+--------+-----+--------+
         Total |   6299 |   6011 |    288 |    127 |   4222 |  10 |  629.9 |
       Dungeon |   5735 |   5447 |    288 |    124 |   3943 |   8 |  716.9 |
         Sewer |    486 |    486 |      0 |      0 |    266 |   1 |  486.0 |
        Bailey |     77 |     77 |      0 |      3 |     12 |   1 |   77.0 |
               +--------+--------+--------+--------+--------+-----+--------+

Top non-repeatable levels by time:
     D:7: 1017 daAuts
     D:4: 893 daAuts
     D:2: 837 daAuts
     D:5: 827 daAuts
     D:6: 714 daAuts
     D:3: 695 daAuts
     D:1: 555 daAuts
   Sewer: 486 daAuts
     D:8: 193 daAuts
  Bailey: 77 daAuts
